 Dungeon Crawl Stone Soup version 0.26-a0-1053-gaff5f71418 (webtiles) character file.

Game seed: 6208158097802574842

7536 selver the Tainter (level 10, 0/69 HPs)
             Began as a Yellow Draconian Venom Mage on Nov 29, 2020.
             Was a Believer of Vehumet.
             Succumbed to a black mamba's poison
             ... on level 1 of the Lair of Beasts on Dec 13, 2020.
             The game lasted 00:41:49 (13669 turns).

selver the Tainter (Yellow Draconian Venom Mage)   Turns: 13669, Time: 00:41:49

Health: 0/69       AC:  7    Str: 10    XL:     10   Next: 96%
Magic:  8/20       EV: 13    Int: 18    God:    Vehumet [**....]
Gold:   593        SH:  0    Dex: 13    Spells: 5/23 levels left

rFire    . . .     SeeInvis .   p - +0 whip (elec)
rCold    + . .     Faith    .   (no shield)
rNeg     . . .     Spirit   .   (armour unavailable)
rPois    .         Reflect  .   (helmet restricted)
rElec    .         Harm     .   (no cloak)
rCorr    +         Rampage  .   (no gloves)
Will     .....                  (no boots)
Stlth    ++........             (no amulet)
HPRegen  0.21/turn              (no ring)
MPRegen  0.17/turn              m - ring of protection from cold

@: lethally poisoned (0 -> -4), hasted, very quick
A: spit acid, unfitting armour, cold-blooded, acid resistance, AC +7
a: Breathe Acid, Renounce Religion


You were on level 1 of the Lair of Beasts.
You worshipped Vehumet.
Vehumet was pleased with you.
You visited 3 branches of the dungeon, and saw 11 of its levels.

You collected 593 gold pieces.

Inventory:

Hand Weapons
 b - a +1 dagger
 g - a +1 spectral quarterstaff
 p - a +0 whip of electrocution (weapon)
Magical Staves
 q - an uncursed staff of death
Jewellery
 m - a ring of protection from cold (right hand)
Wands
 j - a wand of flame (53)
 k - a wand of acid (7)
 n - a wand of iceblast (5)
 t - a wand of disintegration (11)
 v - a wand of random effects (22)
 B - a wand of digging (5)
Scrolls
 a - 2 scrolls of blinking
 c - 2 scrolls of magic mapping {unknown}
 d - a scroll of fear
 e - 2 scrolls of teleportation
 f - a scroll of enchant weapon
 l - 3 scrolls of remove curse
 r - a scroll of amnesia {unknown}
 u - a scroll of enchant armour {unknown}
 y - a scroll of random uselessness {unknown}
Potions
 h - 4 potions of attraction
 i - a potion of invisibility
 o - a potion of cancellation
 s - 2 potions of flight


   Skills:
 + Level 3.7 Dodging
 - Level 1.7 Stealth
 + Level 7.0 Spellcasting
 * Level 6.9 Conjurations
 - Level 4.8 Transmutations
 - Level 4.8 Fire Magic
 - Level 1.8 Air Magic
 * Level 6.6 Earth Magic
 - Level 9.0 Poison Magic


You had 5 spell levels left.
You knew the following spells:

 Your Spells              Type           Power        Failure   Level
a - Sting                 Tmut/Pois      ####         1%          1
b - Poisonous Vapours     Pois/Air       ####..       1%          2
c - Olgreb's Toxic Radia  Pois           #####...     2%          4
d - Ignite Poison         Fire/Tmut/Pois ####....     2%          3
e - Mephitic Cloud        Conj/Pois/Air  ####....     2%          3
f - Passwall              Tmut/Erth      ####....     1%          2
g - Stone Arrow           Conj/Erth      ####..       1%          3

Your spell library contained the following spells:

 Spells                   Type           Power        Failure   Level
 Searing Ray              Conj           ####..       1%          2
 Sandblast                Erth           ####..       1%          1
 Petrify                  Tmut/Erth      ####....     10%         4
 Lee's Rapid Deconstruct  Erth           ####......   19%         5


Dungeon Overview and Level Annotations

Branches:
Dungeon (9/15)             Temple (1/1) D:6            Lair (1/6) D:9
    Orc: D:9-12

Altars:
Ashenzari
Cheibriados
Dithmenos
Elyvilon
Fedhas
Gozag
Hepliaklqana
Kikubaaqudgha
Makhleb
Nemelex Xobeh
Okawaru
Qazlal
Ru
Sif Muna
Trog
Uskayaw
Vehumet
Wu Jian
Xom
Yredelemnul
Zin
The Shining One

Annotations:
D:4 2 runed translucent doors, ThatOtherGuy53's ghost, amateur HOMo


Innate Abilities, Weirdness & Mutations

You can spit globs of acid.
Your golden yellow scales are hard. (AC +7)
You cannot fit into any form of body armour.
You are cold-blooded and may be slowed by cold attacks.
You are resistant to acid. (rCorr)


Message History

* * * LOW HITPOINT WARNING * * *
You feel sick.
* * * LOW HITPOINT WARNING * * *
You feel sick.
* * * LOW HITPOINT WARNING * * *
You feel sick.
* * * LOW HITPOINT WARNING * * *
You feel sick.
* * * LOW HITPOINT WARNING * * *
You feel sick.
* * * LOW HITPOINT WARNING * * *
You feel sick.
* * * LOW HITPOINT WARNING * * *
You feel sick.
Okay, then.
* * * LOW HITPOINT WARNING * * *
You feel sick.
* * * LOW HITPOINT WARNING * * *
You feel sick.
You die...

##P############.##.#######..##
### ###### ##...# #...## ##..#
#################..#
##########..##.##..##..#?...#
..........................>.#
............................#
................@...........#
##..######.#P##############.#
##...# ##### #.# #...## #.#
#...## #)### ### ##...# #..P.
##..## .... #P..# ... ##..#
##..


There were no monsters in sight!

Vanquished Creatures
  A two-headed ogre (D:9)
  Pikel (D:5)
  A cane toad (Lair:1)
  Maggie (D:8)
  A komodo dragon (D:9)
  Prince Ribbit (D:5)
  15 yaks
  Grum (D:8)
  2 water moccasins (Lair:1)
  2 orc warriors
  An ice beast (D:6)
  A black bear (D:9)
  A phantom (D:5)
  An ogre (D:8)
  2 wolves (D:8)
  A centaur (D:9)
  Blork the orc (D:5)
  A big kobold (D:8)
  3 bullfrogs (D:8)
  4 scorpions
  10 killer bees
  A howler monkey (D:9)
  2 bullfrog zombies (D:8)
  3 hounds
  A quasit (D:7)
  5 orc priests
  A jelly (D:8)
  2 iguanas
  8 orc wizards
  2 centaur skeletons (D:5)
  Ijyb (D:3)
  Crazy Yiuf (D:3)
  3 worker ants
  A howler monkey zombie (D:7)
  9 gnolls
  10 adders
  2 shadow imps
  4 white imps
  2 ufetubi
  2 oozes
  An adder skeleton (D:3)
  4 worms
  3 dart slugs
  2 leopard geckos (D:6)
  23 orcs
  5 giant cockroaches
  9 goblins
  7 hobgoblins
  8 jackals
  2 quokkas
  3 ball pythons
  A ball python skeleton (D:4)
  5 bats
  7 frilled lizards
  A jackal skeleton (D:4)
  14 kobolds
  2 quokka skeletons (D:5)
  A quokka zombie (D:6)
  4 rats
214 creatures vanquished.

Vanquished Creatures (others)
  A fungus (Lair:1)
  22 plants
23 creatures vanquished.

Grand Total: 237 creatures vanquished

Notes
Turn   | Place    | Note
-------+----------+-------------------------------------------
     0 | D:1      | selver the Draconian Venom Mage began the quest for the
                  | Orb.
     0 | D:1      | Reached XP level 1. HP: 14/14 MP: 3/3
   324 | D:1      | Reached XP level 2. HP: 19/20 MP: 0/5
   611 | D:1      | Learned a level 2 spell: Poisonous Vapours
   830 | D:1      | Reached XP level 3. HP: 26/26 MP: 3/6
  1412 | D:2      | Reached skill level 4 in Poison Magic
  1418 | D:2      | Reached XP level 4. HP: 15/33 MP: 2/7
  2047 | D:3      | Reached XP level 5. HP: 26/38 MP: 3/9
  2500 | D:3      | Reached skill level 5 in Poison Magic
  3130 | D:3      | Found a runed translucent door.
  3131 | D:3      | Noticed Crazy Yiuf
  3143 | D:3      | Killed Crazy Yiuf
  3326 | D:3      | Noticed Ijyb
  3337 | D:3      | Killed Ijyb
  3665 | D:4      | Reached XP level 6. HP: 41/45 MP: 8/11
  4173 | D:4      | Found a runed translucent door.
  4175 | D:4      | Noticed ThatOtherGuy53's ghost (amateur HOMo)
  4267 | D:4      | Found a runed translucent door.
  4617 | D:4      | Reached skill level 6 in Poison Magic
  4802 | D:4      | Learned a level 4 spell: Olgreb's Toxic Radiance
  4806 | D:4      | Learned a level 3 spell: Ignite Poison
  4918 | D:5      | Entered Level 5 of the Dungeon
  5234 | D:5      | Noticed Pikel
  5273 | D:6      | Your scales start taking on a golden yellow colour.
  5273 | D:6      | Reached XP level 7. HP: 48/50 MP: 8/13
  5273 | D:6      | Gained mutation: You are resistant to acid. (rCorr) [Yellow
                  | Draconian growth]
  5356 | D:6      | Reached skill level 1 in Fire Magic
  6057 | D:6      | Reached skill level 7 in Poison Magic
  6065 | D:6      | Reached XP level 8. HP: 38/57 MP: 0/14
  6500 | D:6      | Found a staircase to the Ecumenical Temple.
  6506 | Temple   | Entered the Ecumenical Temple
  6572 | Temple   | Became a worshipper of Vehumet
  6856 | D:5      | Killed Pikel
  6857 | D:5      | Reached skill level 5 in Spellcasting
  6857 | D:5      | Reached skill level 8 in Poison Magic
  7463 | D:5      | Learned a level 3 spell: Mephitic Cloud
  7466 | D:5      | Learned a level 2 spell: Passwall
  8011 | D:5      | Noticed Prince Ribbit
  8013 | D:5      | Killed Prince Ribbit
  8014 | D:5      | Reached skill level 1 in Conjurations
  8014 | D:5      | Reached XP level 9. HP: 62/62 MP: 7/17
  8028 | D:5      | Noticed Blork the orc
  8198 | D:5      | Killed Blork the orc
  8199 | D:5      | Reached skill level 1 in Earth Magic
  8244 | D:5      | Reached * piety under Vehumet
  8244 | D:5      | Offered knowledge of Foxfire by Vehumet.
  8348 | D:5      | Learned a level 3 spell: Stone Arrow
  9705 | D:8      | Found a shadowy altar of Dithmenos.
  9890 | D:8      | Noticed Grum
  9893 | D:8      | Killed Grum
  9894 | D:8      | Reached skill level 9 in Poison Magic
 10235 | D:8      | Found a glowing golden altar of the Shining One.
 10496 | D:8      | Noticed Maggie
 10515 | D:8      | Killed Maggie
 10516 | D:8      | Reached skill level 1 in Air Magic
 11268 | D:9      | Offered knowledge of Searing Ray by Vehumet.
 11268 | D:9      | Reached ** piety under Vehumet
 11280 | D:9      | Reached XP level 10. HP: 59/69 MP: 6/19
 11529 | D:9      | Reached skill level 5 in Conjurations
 11664 | D:9      | Upgraded the game from 0.26-a0-952-g76694b35de to
                  | 0.26-a0-1053-gaff5f71418
 11945 | D:9      | Noticed a two-headed ogre
 11951 | D:9      | Killed a two-headed ogre
 11952 | D:9      | Reached skill level 5 in Earth Magic
 12523 | D:9      | Found a staircase to the Lair.
 12819 | Lair:1   | Entered Level 1 of the Lair of Beasts
 12819 | Lair:1   | Noticed a cane toad
 12824 | Lair:1   | Killed a cane toad
 13619 | Lair:1   | Noticed a black mamba
 13663 | Lair:1   | HP: 3/69 [poisoned by a black mamba]
 13668 | Lair:1   | HP: 1/69 [poisoned by a black mamba]
 13669 | Lair:1   | Succumbed to a black mamba's poison

Illustrated notes

Levels and vault maps discovered:
D:1:      saegor_arrival_simple_d, layout_basic
D:2:      layout_basic
D:3:      layout_basic, minivault_4, hangedman_decor_opposing,
          minmay_stone_trees_medium, uniq_ijyb, uniq_crazy_yiuf_cottage
D:4:      cheibrodos_old_hovel, layout_gridville, ebering_ghost_sewer_f
D:5:      layout_loops_ring, st_stairs_11, uniq_prince_ribbit1, uniq_pikel,
          uniq_blork_the_orc
D:6:      layout_rooms, minmay_temple_entry_hall
D:7:      layout_basic
D:8:      layout_loops_ring, tso_metal_star, basic_altar, uniq_grum, uniq_maggie
D:9:      layout_loops_ring, david_lair_shrubbed
Temple:   compressed_dpeg_circular_temple
Lair:1:   gammafunk_cloud_chamber, layout_long_grid, serial_bayou_shore_b,
          minmay_lair_oklob_chamber

Skill      XL: |  1  2  3  4  5  6  7  8  9 10 |
---------------+-------------------------------+-----
Poison Magic   | 4 5 6 7 8 9 |  9.0
Transmutations | 2 3 4 |  4.8
Spellcasting   | 3 4 5 6 7 |  7.0
Fire Magic     | 2 3 4 |  4.8
Conjurations   | 1 4 6 |  6.9
Earth Magic    | 4 6 |  6.6
Air Magic      | 1 |  1.8
Dodging        | 3 |  3.7
Stealth        | |  1.7

Action                   |  1- 3 |  4- 6 |  7- 9 | 10-12 || total
-------------------------+-------+-------+-------+-------++-------
Melee: Dagger            |    55 |   167 |   146 |       ||   368
       Unarmed           |     2 |       |       |       ||     2
       Tailslap          |     2 |     7 |    24 |     1 ||    34
       Whip              |       |       |    72 |    30 ||   102
       Trident           |       |       |     9 |       ||     9
       Quarterstaff      |       |       |     3 |       ||     3
 Cast: Sting             |    33 |    31 |    18 |     2 ||    84
       Poisonous Vapours |     3 |    51 |    53 |    12 ||   119
       Ignite Poison     |       |       |    28 |    16 ||    44
       Olgreb's Toxic Ra |       |       |    16 |     9 ||    25
       Mephitic Cloud    |       |       |     6 |     3 ||     9
       Passwall          |       |       |     1 |       ||     1
       Stone Arrow       |       |       |     2 |     9 ||    11
 Abil: Breathe Acid      |       |       |     2 |     1 ||     3
  Use: Scroll            |     2 |     5 |    10 |     2 ||    19
       Potion            |       |     1 |     8 |     5 ||    14
 Stab: Sleeping          |     2 |     4 |     1 |     1 ||     8
       Distracted        |       |       |     1 |       ||     1
Armor: Skin              |    15 |    46 |   117 |    11 ||   189
Dodge: Dodged            |    43 |   118 |   185 |    39 ||   385

Table legend: (Time is in decaauts)
 A = Elapsed time spent in this place.
 B = Non-inter-level travel time spent in this place.
 C = Inter-level travel time spent in this place.
 D = Time resting spent in this place.
 E = Time spent auto-exploring this place.
 F = Levels seen in this place.
 G = Mean time per level.
                   A        B        C        D        E       F      G
               +--------+--------+--------+--------+--------+-----+--------+
         Total |  13681 |  13463 |    218 |   6660 |   4844 |  11 | 1243.7 |
       Dungeon |  13188 |  12982 |    206 |   6429 |   4695 |   9 | 1465.3 |
        Temple |     78 |     66 |     12 |      0 |     60 |   1 |   78.0 |
          Lair |    414 |    414 |      0 |    231 |     89 |   1 |  414.0 |
               +--------+--------+--------+--------+--------+-----+--------+

Top non-repeatable levels by time:
     D:9: 1915 daAuts
     D:5: 1743 daAuts
     D:3: 1718 daAuts
     D:6: 1630 daAuts
     D:4: 1619 daAuts
     D:8: 1612 daAuts
     D:1: 1216 daAuts
     D:7: 1024 daAuts
     D:2: 708 daAuts
  Lair:1: 414 daAuts
  Temple: 78 daAuts
